 Dungeon Crawl Stone Soup version 0.21-a0-401-g0b6bec4 (webtiles) character file.

50159 kae the Earth Mage (level 14, -8/83 HPs)
             Began as a Gargoyle Earth Elementalist on Oct 23, 2017.
             Was a High Priest of Vehumet.
             Mangled by a two-headed ogre
             ... wielding a cursed -2 giant club
              (11 damage)
             ... on level 12 of the Dungeon.
             The game lasted 00:32:42 (22288 turns).

kae the Earth Mage (Gargoyle Earth Elementalist)   Turns: 22288, Time: 00:32:42

Health: -8/83      AC: 17    Str: 16    XL:     14   Next: 54%
Magic:  17/29      EV: 14    Int: 22    God:    Vehumet [*****.]
Gold:   1454       SH:  0    Dex: 13    Spells: 25/36 levels left

rFire    + . .     SeeInvis +   w - +3 halberd (chop)
rCold    . . .     Gourm    .   (shield currently unavailable)
rNeg     + . .     Faith    .   K - +0 robe of Catatonia {*Corrode Str+3 Slay+2 SInv}
rPois    ∞         Spirit   .   h - +1 helmet
rElec    +         Reflect  .   x - +0 cloak
rCorr    .         Harm     .   (no gloves)
MR       +....     Clarity  +   i - +0 pair of boots
Stlth    ++........             t - amulet of regeneration
HPRegen  0.63/turn              a - ring of see invisible
MPRegen  0.21/turn              c - +3 ring of dexterity

@: flying, slowed, very slow
A: big wings, clarity, fire resistance 1, negative energy resistance 1,
electricity resistance, strong 1, unbreathing, petrification resistance, rot
immunity, AC +10
a: Stop Flying, Renounce Religion


You were on level 12 of the Dungeon.
You worshipped Vehumet.
Vehumet was extremely pleased with you.
You were not hungry.

You visited 4 branches of the dungeon, and saw 20 of its levels.

You collected 1569 gold pieces.
You spent 115 gold pieces at shops.

Inventory:

Hand Weapons
 l - a +0 club
 w - a +3 halberd of chopping (weapon)
Missiles
 b - 142 stones (quivered)
Armour
 h - a +1 helmet (worn)
 i - a +0 pair of boots (worn)
 x - a +0 cloak (worn)
 K - the +0 robe of Catatonia (worn) {*Corrode Str+3 Slay+2 SInv}
   (You found it on level 10 of the Dungeon)

   It affects your strength (+3).
   It affects your accuracy and damage with ranged weapons and melee attacks
   (+2).
   It lets you see invisible.
   It may corrode you when you take damage.
Jewellery
 a - a ring of see invisible (left hand)
 c - a +3 ring of dexterity (right hand)
 t - an amulet of regeneration (around neck)
 H - a +3 ring of strength
Scrolls
 d - a scroll of identify
 f - 8 scrolls of immolation
 g - 5 scrolls of remove curse
 k - 2 scrolls of fog
 o - 9 scrolls of teleportation
 D - 2 scrolls of magic mapping
 L - a scroll of recharging
 Q - 2 scrolls of amnesia
Potions
 q - 7 potions of curing
 r - 2 potions of magic
 s - 5 potions of heal wounds
 u - 2 potions of agility
 v - a potion of lignification {unknown}
 z - 2 potions of brilliance
 C - 4 potions of invisibility
 E - a potion of might
 M - 2 potions of haste
 O - 2 potions of ambrosia
 V - a potion of mutation
Books
 e - a book of Geomancy

   Spells                             Type                      Level
   a - Sandblast                      Earth                        1
   b - Passwall                       Transmutation/Earth          2
   c - Stone Arrow                    Conjuration/Earth            3
   d - Petrify                        Transmutation/Earth          4
   e - Lee's Rapid Deconstruction     Earth                        5
 m - a book of Changes

   Spells                             Type                      Level
   a - Beastly Appendage              Transmutation                1
   b - Sticks to Snakes               Transmutation                2
   c - Spider Form                    Transmutation/Poison         3
   d - Ice Form                       Ice/Transmutation            4
   e - Blade Hands                    Transmutation                5
 N - a book of Callings

   Spells                             Type                      Level
   a - Summon Small Mammal            Summoning                    1
   b - Call Imp                       Summoning                    2
   c - Call Canine Familiar           Summoning                    3
   d - Summon Guardian Golem          Hexes/Summoning              3
   e - Summon Lightning Spire         Summoning/Air                4
   f - Summon Ice Beast               Ice/Summoning                4
 T - a book of Debilitation

   Spells                             Type                      Level
   a - Corona                         Hexes                        1
   b - Slow                           Hexes                        2
   c - Inner Flame                    Hexes/Fire                   3
   d - Portal Projectile              Hexes/Translocation          3
   e - Cause Fear                     Hexes                        4
   f - Leda's Liquefaction            Hexes/Earth                  4
Comestibles
 j - 42 fruits
 n - 6 royal jellies
 p - 2 chunks of flesh
 A - a bread ration
 J - a meat ration


   Skills:
 + Level 7.9 Fighting
 + Level 5.0 Maces & Flails
 + Level 5.4 Armour
 + Level 4.4 Dodging
 - Level 2.1 Stealth
 * Level 11.6 Spellcasting
 * Level 12.5 Conjurations
 - Level 0.7 Transmutations
 * Level 16.6 Earth Magic


You had 25 spell levels left.
You knew the following spells:

 Your Spells              Type           Power        Failure   Level  Hunger
a - Sandblast             Erth           ######       0%          1    None
b - Stone Arrow           Conj/Erth      ######       1%          3    None
c - Lee's Rapid Deconstr  Erth           ######....   1%          5    ####...
d - Passwall              Tmut/Erth      ######....   1%          2    None


Dungeon Overview and Level Annotations

Branches:
Dungeon (12/15)            Temple (1/1) D:5            Lair (6/6) D:10
 Shoals (0/4) Lair:3        Snake (0/4) Lair:2        Slime (0/5) Lair:6
    Orc (1/2) D:11

Altars:
Ashenzari
Cheibriados
Dithmenos
Elyvilon
Fedhas
Gozag
Hepliaklqana
Kikubaaqudgha
Makhleb
Nemelex Xobeh
Okawaru
Qazlal
Ru
Sif Muna
Trog
Uskayaw
Vehumet
Wu Jian
Xom
Yredelemnul
Zin
The Shining One
Jiyva

Shops:
D:4 *   D:11 !

Annotations:
D:2 exclusion: ice beast
D:12 Josephine


Innate Abilities, Weirdness & Mutations

You are resistant to torment.
Your stone body is resilient. (AC +10)
You are immune to poison.
Your large and strong wings let you fly indefinitely.
You resist negative energy. (rN+)
You are resistant to electric shocks. (rElec)
You can survive without breathing.
You are immune to petrification.
You are immune to rotting.
You possess an exceptional clarity of mind.
Your flesh is heat resistant. (rF+)
Your muscles are strong. (Str +2)


Message History

The two-headed ogre is severely wounded.
The two-headed ogre misses you.
The two-headed ogre hits you with a giant club!
* * * LOW HITPOINT WARNING * * *
You feel much better.
The two-headed ogre hits you with a giant club!
* * * LOW HITPOINT WARNING * * *
The two-headed ogre hits you but does no damage.
Casting: Stone Arrow
Confirm with . or Enter, or press ? or * to list all spells.
Aiming: Stone Arrow
Press: ? - help, Shift-Dir - straight line, f/p - two-headed ogre
Aim: a two-headed ogre, wielding two giant clubs (severely wounded)
The stone arrow hits the two-headed ogre.
The two-headed ogre is almost dead.
The two-headed ogre hits you with a giant club!!
* * * LOW HITPOINT WARNING * * *
The two-headed ogre barely misses you.
The two-headed ogre hits you with a giant club!
You die...

#.......≈≈≈≈≈ #...........#
#.......≈≈≈≈≈≈≈###...........#
#.......≈≈≈≈≈≈≈≈#........(...#
#.......≈≈≈≈≈≈≈≈≈............##
#.......≈≈≈≈≈≈≈≈≈...####......#
#.......≈≈≈≈≈≈≈≈#.....##..))(.#
#.......≈≈≈≈≈≈≈##.....##......#
#.......≈≈≈≈≈W###.....##......#
(.....[......@oO@.....'.......#
......####≈≈#####.....##...)..#
...... ###..................#
...... #..................#
#..... #..................#
#..... #..................#
#..... #..................#
#..... #............####...
##############


You could see Josephine, a two-headed ogre, a wraith and an orc.

Vanquished Creatures
  A merfolk avatar (Lair:6)
  10 hydras
  2 two-headed ogres
  2 unseen horrors
  A sea snake (Lair:6)
  A deep elf archer (D:12)
  A necromancer (D:11)
  A harpy (Lair:6)
  3 ugly things
  A manticore (Lair:6)
  10 elephants
  4 black mambas
  8 spiny frogs
  6 rime drakes
  2 centaur skeletons (D:12)
  6 komodo dragons
  A redback zombie (D:12)
  3 hornets (Lair:6)
  5 polar bears (Lair:6)
  2 trolls
  A slime creature (D:11)
  22 blink frogs
  13 hippogriffs
  2 wraiths (D:12)
  4 basilisks
  3 hogs (D:10)
  A human (D:10)
  4 wyverns
  22 yaks
  A hungry ghost (D:8)
  16 water moccasins
  An acid dragon (D:10)
  5 porcupines
  4 ice beasts
  4 sky beasts
  A black bear (D:9)
  4 necrophages (D:11)
  7 orc warriors
  48 wolves
  3 ogres
  A centaur (D:8)
  16 crocodiles
  2 big kobolds
  Blork the orc (D:5)
  16 bullfrogs
  3 scorpions
  7 wights
  3 electric eels (D:12)
  3 crimson imps
  2 centaur zombies
  3 jellies
  9 orc wizards
  4 orc priests
  3 bullfrog skeletons
  3 hounds
  An iguana (D:11)
  11 worker ants
  2 hound skeletons
  A mummy (D:11)
  3 worker ant zombies
  4 gnolls (D:4)
  8 adders
  An ooze (D:2)
  2 adder zombies
  An adder skeleton (D:9)
  3 worms
  5 dart slugs
  3 leopard geckos
  53 orcs
  A ball python (D:4)
  3 bats
  4 giant cockroaches
  A hobgoblin (D:1)
  26 jackals
  16 kobolds
  6 quokkas
  4 frilled lizards
  10 goblins
  2 leopard gecko skeletons
  7 rats
  2 plants
492 creatures vanquished.

Vanquished Creatures (collateral kills)
  A crocodile (Lair:4)
  4 killer bees (D:10)
  A worker ant (D:10)
6 creatures vanquished.

Vanquished Creatures (others)
  A manticore (Lair:6)
  2 komodo dragons (Lair:6)
  A water moccasin (Lair:6)
  28 fungi
  26 plants
58 creatures vanquished.

Grand Total: 556 creatures vanquished

Notes
Turn   | Place    | Note
-------+----------+-------------------------------------------
     0 | D:1      | kae the Gargoyle Earth Elementalist began the quest for the Orb.
     0 | D:1      | Reached XP level 1. HP: 10/10 MP: 3/3
     0 | D:1      | Noticed a minotaur zombie
    10 | D:1      | Noticed a minotaur zombie
    18 | D:1      | Noticed a merfolk zombie
    63 | D:1      | Reached skill level 4 in Earth Magic
    90 | D:1      | Reached XP level 2. HP: 15/15 MP: 3/5
   450 | D:1      | Reached XP level 3. HP: 17/19 MP: 3/6
   455 | D:1      | Learned a level 3 spell: Stone Arrow
  1345 | D:2      | Reached skill level 5 in Earth Magic
  1357 | D:2      | Noticed an ice beast
  1419 | D:2      | Reached XP level 4. HP: 24/24 MP: 8/8
  2659 | D:3      | Found a blossoming altar of Fedhas.
  2659 | D:3      | Found a shadowy altar of Dithmenos.
  2659 | D:3      | Found a snail-covered altar of Cheibriados.
  2659 | D:3      | Found a hide-covered altar of Uskayaw.
  2659 | D:3      | Found a shimmering altar of Xom.
  2755 | D:3      | Reached XP level 5. HP: 27/28 MP: 7/9
  2760 | D:3      | Reached skill level 6 in Earth Magic
  2811 | D:3      | Found a glowing golden altar of the Shining One.
  3167 | D:4      | Reached XP level 6. HP: 20/32 MP: 7/11
  3257 | D:4      | Reached skill level 7 in Earth Magic
  3453 | D:4      | Found Goret's Assorted Antiques.
  3456 | D:4      | Bought a coiled brass amulet for 115 gold pieces
  3648 | D:4      | Noticed a hippogriff
  3656 | D:4      | Killed a hippogriff
  3656 | D:4      | Reached skill level 8 in Earth Magic
  3656 | D:4      | Reached XP level 7. HP: 20/36 MP: 6/13
  3751 | D:5      | Entered Level 5 of the Dungeon
  3752 | D:5      | Identified the amulet of the Burgomaster {Spirit rN+ Int+2} (You bought it in a shop on level 4 of the Dungeon)
  3762 | D:5      | Noticed a troll
  3817 | D:5      | Learned a level 5 spell: Lee's Rapid Deconstruction
  3905 | D:5      | Found a staircase to the Ecumenical Temple.
  4002 | Temple   | Entered the Ecumenical Temple
  4049 | Temple   | Became a worshipper of Vehumet
  4250 | D:5      | Noticed Blork the orc
  4256 | D:5      | Killed Blork the orc
  4295 | D:5      | Found a burning altar of Makhleb.
  4347 | D:5      | Learned a level 2 spell: Passwall
  4373 | D:5      | Killed a troll
  4373 | D:5      | Reached skill level 9 in Earth Magic
  4373 | D:5      | Reached XP level 8. HP: 41/41 MP: 8/15
  4979 | D:6      | Reached skill level 5 in Spellcasting
  5413 | D:6      | Found an ancient bone altar of Kikubaaqudgha.
  5546 | D:7      | Reached skill level 10 in Earth Magic
  5775 | D:7      | Reached * piety under Vehumet
  5775 | D:7      | Offered knowledge of Sting by Vehumet.
  5787 | D:7      | Reached XP level 9. HP: 45/45 MP: 9/17
  6094 | D:7      | Reached skill level 11 in Earth Magic
  6315 | D:8      | Noticed a cyan ugly thing
  6531 | D:8      | Reached skill level 5 in Conjurations
  6744 | D:8      | Killed a cyan ugly thing
  6799 | D:8      | Reached skill level 12 in Earth Magic
  6993 | D:8      | Found a bloodstained altar of Trog.
  7136 | D:8      | Reached XP level 10. HP: 50/50 MP: 18/20
  7320 | D:8      | Offered knowledge of Freeze by Vehumet.
  7423 | D:9      | Reached ** piety under Vehumet
  7743 | D:9      | Reached skill level 1 in Fighting
  7981 | D:10     | Entered Level 10 of the Dungeon
  8100 | D:10     | Noticed an unseen horror
  8104 | D:10     | Killed an unseen horror
  8104 | D:10     | Reached skill level 13 in Earth Magic
  8195 | D:10     | Noticed a two-headed ogre
  8199 | D:10     | Killed a two-headed ogre
  8370 | D:10     | Got a fabulously ornate robe
  8381 | D:10     | Identified the cursed +0 robe of Catatonia {*Corrode Str+3 Slay+2 SInv} (You found it on level 10 of the Dungeon)
  8409 | D:10     | Offered knowledge of Inner Flame by Vehumet.
  9386 | D:10     | Reached *** piety under Vehumet
  9386 | D:10     | Reached XP level 11. HP: 57/60 MP: 23/23
  9616 | D:10     | Found a staircase to the Lair.
  9713 | Lair:1   | Entered Level 1 of the Lair of Beasts
  9980 | Lair:1   | Offered knowledge of Force Lance by Vehumet.
 10411 | Lair:1   | Reached skill level 14 in Earth Magic
 11169 | Lair:2   | Noticed a five-headed hydra
 11320 | Lair:2   | Noticed a seven-headed hydra
 11460 | Lair:2   | Reached **** piety under Vehumet
 11486 | Lair:2   | Killed a five-headed hydra
 11907 | Lair:2   | Reached skill level 5 in Fighting
 11910 | Lair:2   | Offered knowledge of Ignite Poison by Vehumet.
 12053 | Lair:2   | Reached XP level 12. HP: 48/68 MP: 19/25
 12118 | Lair:2   | Found a staircase to the Snake Pit.
 12423 | Lair:2   | Reached skill level 10 in Conjurations
 12503 | Lair:2   | Noticed a seven-headed hydra
 12511 | Lair:2   | Killed a seven-headed hydra
 13443 | Lair:3   | Found a staircase to the Shoals.
 13608 | Lair:3   | Reached skill level 1 in Maces & Flails
 13608 | Lair:3   | Reached skill level 1 in Armour
 13891 | Lair:4   | Noticed a seven-headed hydra
 13896 | Lair:4   | Killed a seven-headed hydra
 13896 | Lair:4   | Reached skill level 10 in Spellcasting
 13896 | Lair:4   | Reached skill level 15 in Earth Magic
 13974 | Lair:4   | Noticed a six-headed hydra
 13981 | Lair:4   | Killed a six-headed hydra
 14380 | Lair:4   | Noticed a seven-headed hydra
 14385 | Lair:4   | Killed a seven-headed hydra
 15129 | Lair:5   | Noticed a four-headed hydra
 15138 | Lair:5   | Killed a four-headed hydra
 15138 | Lair:5   | Reached XP level 13. HP: 62/75 MP: 9/27
 15178 | Lair:5   | Reached ***** piety under Vehumet
 15358 | Lair:5   | Offered knowledge of Olgreb's Toxic Radiance by Vehumet.
 16661 | Lair:6   | Entered Level 6 of the Lair of Beasts
 16661 | Lair:6   | Found a staircase to the Slime Pits.
 16661 | Lair:6   | Found a viscous altar of Jiyva.
 18057 | Lair:6   | Reached skill level 16 in Earth Magic
 18950 | Lair:6   | Gained mutation: Your large and strong wings let you fly indefinitely. [Gargoyle growth]
 18950 | Lair:6   | Reached XP level 14. HP: 82/82 MP: 18/29
 19039 | Lair:6   | Offered knowledge of Iskenderun's Mystic Blast by Vehumet.
 19696 | Lair:6   | Reached skill level 5 in Armour
 20134 | Lair:1   | Gained mutation: You possess an exceptional clarity of mind. [potion of mutation]
 20134 | Lair:1   | Gained mutation: Your muscles are strong. (Str +2) [potion of mutation]
 20134 | Lair:1   | Gained mutation: Your flesh is heat resistant. (rF+) [potion of mutation]
 20827 | D:11     | Found a staircase to the Orcish Mines.
 20981 | D:11     | Found Xirutt's Distillery.
 21471 | D:11     | Found a shimmering altar of Xom.
 21729 | Orc:1    | Entered Level 1 of the Orcish Mines
 22063 | D:12     | Reached skill level 5 in Maces & Flails
 22285 | D:12     | Noticed Josephine
 22288 | D:12     | HP: 3/83 [two-headed ogre/giant club (21)]
 22288 | D:12     | Mangled by a two-headed ogre

Vault maps used:
D:1:      shiori_arrival_whats_in_store_for_you, hangedman_decor_growths
D:2:      first_bread
D:3:      grunt_temple_overflow_open, lemuel_round_altar
D:4:      serial_shops, nicolae_shop_behind_doors
D:5:      lemuel_crystal_altar, minmay_temple_entry_purple_smoke,
          uniq_blork_the_orc
D:6:      lemuel_coloured_pillars_altar, hangedman_decor_peaks_small
D:8:      nicolae_overflow_crystal_walls
D:10:     erik_lair_dragon, grunt_livestock
D:11:     david_orc_2, serial_shops, nicolae_shop_statue_plus, serial_undead,
          serial_undead_f, serial_undead_d, serial_undead_c, serial_undead_d,
          basic_altar, hangedman_abyss_or_decor_stagger, minmay_misc_feat_roman,
          kb_rosetta
D:12:     uniq_josephine
Temple:   cyrus_circular_temple
Lair:1:   serial_forest, infiniplex_forest_lined_1, infiniplex_forest_lined_2,
          infiniplex_forest_clump_double, infiniplex_forest_end_3,
          infiniplex_forest_zigzag_2, infiniplex_staircase_pool
Lair:2:   dummy_snake_entry, grunt_forest_large_clearings, grunt_megastairs_4
Lair:3:   shoals_dummy_entry, eino_small_chamber_without_monster,
          serial_bayou_shore_b, lemuel_fruit_fields, lemuel_fruit_tree
Lair:4:   serial_bayou_shore_b
Lair:5:   serial_bayou_shore_a, serial_bayou_shore_b, grunt_megastairs_5
Lair:6:   gammafunk_lair_ancient_temple, slime_altar_1, lemuel_old_faithful
Orc:1:    cheibrodos_orc_arena, portal_ice_cave_rime

Skill      XL: |  1  2  3  4  5  6  7  8  9 10 11 12 13 14 |
---------------+-------------------------------------------+-----
Earth Magic    | 4 5 6 8 9 10 12 13 14 15 16 | 16.6
Spellcasting   | 3 4 5 6 8 9 10 11 | 11.6
Conjurations   | 2 4 6 8 9 11 12 | 12.5
Fighting       | 3 5 6 7 |  7.9
Maces & Flails | 2 4 5 |  5.0
Armour         | 2 4 5 |  5.4
Dodging        | 2 3 4 |  4.4
Stealth        | |  2.1
Transmutations | |  0.7

Action                   |  1- 3 |  4- 6 |  7- 9 | 10-12 | 13-15 || total
-------------------------+-------+-------+-------+-------+-------++-------
Melee: Unarmed           |    53 |       |       |       |       ||    53
       Club              |   128 |   148 |       |       |       ||   276
       Halberd           |       |    11 |   103 |   155 |   148 ||   417
 Cast: Sandblast         |    28 |    46 |    64 |   184 |   117 ||   439
       Stone Arrow       |       |       |    37 |   182 |   364 ||   583
 Abil: Fly               |       |       |       |       |     1 ||     1
  Use: Scroll            |       |     7 |     8 |    14 |     5 ||    34
       Potion            |       |       |     3 |     1 |     3 ||     7
 Stab: Sleeping          |       |     2 |     2 |     1 |     1 ||     6
  Eat: Chunk             |     1 |     7 |    13 |    23 |    16 ||    60
       Royal jelly       |       |     1 |       |     1 |       ||     2
       Meat ration       |       |       |       |       |     1 ||     1
       Fruit             |       |       |       |       |     1 ||     1
Armor: Robe              |    97 |    73 |    65 |   313 |   201 ||   749
Dodge: Dodged            |   172 |   144 |   120 |   422 |   287 ||  1145

Table legend:
 A = Spawn XP
 B = Non-spawn XP
 C = Spawn XP percentage of total XP
 D = Spawn monster count
 E = Non-spawn monster count
 F = Spawn count percentage of total count
 G = Total turns spent on level
                    A         B        C        D         E        F      G
               +---------+---------+-------+---------+---------+-------+---------
         Total |       0 |   71656 |   0.0 |       0 |     496 |   0.0 | 22288
               +---------+---------+-------+---------+---------+-------+---------
           D:1 |       0 |      61 |   0.0 |       0 |      32 |   0.0 |  1339
           D:2 |       0 |      65 |   0.0 |       0 |      15 |   0.0 |  1158
           D:3 |       0 |      91 |   0.0 |       0 |      15 |   0.0 |   496
           D:4 |       0 |     622 |   0.0 |       0 |      24 |   0.0 |   798
           D:5 |       0 |     394 |   0.0 |       0 |       9 |   0.0 |   830
           D:6 |       0 |     478 |   0.0 |       0 |      17 |   0.0 |   977
           D:7 |       0 |    1296 |   0.0 |       0 |      22 |   0.0 |   790
           D:8 |       0 |    1867 |   0.0 |       0 |      26 |   0.0 |  1061
           D:9 |       0 |    1010 |   0.0 |       0 |      27 |   0.0 |   728
          D:10 |       0 |    4351 |   0.0 |       0 |      36 |   0.0 |  1890
          D:11 |       0 |    6050 |   0.0 |       0 |      48 |   0.0 |  1239
          D:12 |       0 |    3573 |   0.0 |       0 |      25 |   0.0 |   525
        Lair:1 |       0 |    5349 |   0.0 |       0 |      38 |   0.0 |  1871
        Lair:2 |       0 |    6355 |   0.0 |       0 |      17 |   0.0 |  1236
        Lair:3 |       0 |    2514 |   0.0 |       0 |      15 |   0.0 |  1083
        Lair:4 |       0 |    6857 |   0.0 |       0 |      20 |   0.0 |  1088
        Lair:5 |       0 |    9349 |   0.0 |       0 |      43 |   0.0 |  2287
        Lair:6 |       0 |   21241 |   0.0 |       0 |      66 |   0.0 |  2828
         Orc:1 |       0 |     133 |   0.0 |       0 |       1 |   0.0 |     5
               +---------+---------+-------+---------+---------+-------+---------
